 Dungeon Crawl Stone Soup version 0.31.0-32-g396128a36d (webtiles) character file.

Game seed: 1992795200951482809

494 James the Conjurer (level 6, -1/51 HPs)
             Began as a Draconian Conjurer on Mar 26, 2024.
             Slain by a vampire (6 damage)
             ... on level 5 of the Dungeon.
             The game lasted 00:15:20 (4991 turns).

James the Conjurer (Draconian Conjurer)             Turns: 4991, Time: 00:15:20

Health: -1/51      AC:  7    Str:  9    XL:     6   Next: 92%
Magic:  4/13       EV: 12    Int: 21    God:
Gold:   332        SH:  0    Dex:  9    Spells: 8/15 levels left

rFire   . . .        a - +0 dagger
rCold   . . .        (no shield)
rNeg    + . .        (body armour unavailable)
rPois   .            (helmet restricted)
rElec   .            (no cloak)
rCorr   .            (no gloves)
SInv    .            s - +0 pair of boots
Will    .....        (no amulet)
Stlth   ++           n - ring of positive energy
HPRegen 0.28/turn    (no ring)
MPRegen 0.13/turn

%: no passive effects
@: no status effects
A: AC +6, unfitting armour, cold-blooded
a: no special abilities


You were on level 5 of the Dungeon.
You visited 1 branch of the dungeon, and saw 5 of its levels.

You collected 332 gold pieces.

Inventory:

Hand Weapons
 a - a +0 dagger (weapon)
   (You took it off a kobold on level 1 of the Dungeon)
 b - a +1 quarterstaff
   (You found it on level 1 of the Dungeon)
 o - a +2 hand axe of draining
   (You took it off Blork the orc on level 5 of the Dungeon)
 q - a +0 flail
   (You took it off a gnoll on level 2 of the Dungeon)
 r - a +0 morningstar
   (You found it on level 2 of the Dungeon)
 v - a +0 short sword
   (You found it on level 3 of the Dungeon)
 x - a +0 morningstar
   (You took it off an orc on level 4 of the Dungeon)
Missiles
 c - 42 stones
 i - 3 throwing nets {!f}
Armour
 g - a +0 tower shield
   (You found it on level 5 of the Dungeon)
 s - a +0 pair of boots (worn)
   (You found it on level 2 of the Dungeon)
 w - a +0 cloak
   (You found it on level 4 of the Dungeon)
Magical Staves
 e - a staff of death
   (You found it on level 4 of the Dungeon)
 t - a staff of earth
   (You found it on level 2 of the Dungeon)
Jewellery
 n - a ring of positive energy (left hand)
   (You found it on level 1 of the Dungeon)
Scrolls
 h - a scroll of identify {@r1}
 j - a scroll of enchant armour
 k - a scroll of teleportation {@r4}
 z - a scroll of brand weapon
Potions
 d - 2 potions of invisibility
 f - 2 potions of curing {@q1}
 l - a potion of magic
 m - 2 potions of heal wounds {@q2}
 p - a potion of brilliance
 u - 2 potions of might
 A - a potion of ambrosia


   Skills:
 + Level 3.5 Fighting
 - Level 2.0 Dodging
 - Level 2.0 Stealth
 * Level 5.0 Spellcasting
 + Level 5.3 Conjurations


You had 8 spell levels left.
You knew the following spells:

 Your Spells              Type           Power      Damage    Failure   Level
a - Magic Dart            Conj           100%       1d8       1%          1
s - Searing Ray           Conj           54%        2d6       1%          2
x - Iskenderun's Mystic   Conj/Tloc      16%        2d5       34%         4

Your spell library contained the following spells:

 Spells                   Type           Power      Damage    Failure   Level
 Freeze                   Ice            20%        1d4       11%         1
 Hailstorm                Conj/Ice       16%        3d6       11%         3
 Jinxbite                 Hex            10%        N/A       16%         2
 Frozen Ramparts          Ice            10%        1d2       32%         3
 Fulminant Prism          Conj/Alch      8%         3d7       34%         4
 Passage of Golubria      Tloc           5%         N/A       71%         4
 Silence                  Hex/Air        2%         N/A       96%         5
 Yara's Violent Unravell  Hex/Alch       2%         3d3       96%         5
 Enfeeble                 Hex            2%         N/A       100%        7
 Lehudib's Crystal Spear  Conj/Erth      8%         10d3      100%        8


Dungeon Overview and Level Annotations

Branches:
Dungeon (5/15)
 Temple: D:4-7

Altars:
Zin

Shops:
D:1 (**   D:5 =

Annotations:
D:1 exclusion: gnoll


Innate Abilities, Weirdness & Mutations

Your plain brown scales are hard. (AC +6)
You cannot fit into any form of body armour.
You are cold-blooded and may be slowed by cold attacks.


Message History

Blork the orc barely misses you.
The searing ray hits Blork the orc!
Blork the orc hits you but does no damage.
You partially resist. Blork the orc casts a spell at you.
The magic dart hits you!
The searing ray hits Blork the orc!
You kill Blork the orc!
Your life force feels restored.
Your Spellcasting skill increases to level 5!
You start resting.
A vampire comes into view.
Found Fyuwn's Jewellery Shop.
Things that are here:
a +2 hand axe of draining; a +0 robe
o - a +2 hand axe of draining You start resting.
You start resting.
Press: ? - help, Shift-Dir - straight line, f - vampire
Aim: a vampire (wandering, hasn't noticed you, 79% to hit)
The searing ray misses the vampire. (Press . to maintain the ray.)
The searing ray hits the vampire but does no damage.
The vampire hits you! The vampire barely misses you.
The searing ray hits the vampire but does no damage.
The vampire closely misses you. The vampire bites you!
The searing ray hits the vampire but does no damage.
You finish channelling your searing ray.
The vampire closely misses you. The vampire bites you.
The vampire draws strength from your injuries!
Press: ? - help, Shift-Dir - straight line, f/p - vampire
Aim: a vampire (79% to hit)
The searing ray misses the vampire. (Press . to maintain the ray.)
The vampire hits you!
* * * LOW HITPOINT WARNING * * *
The vampire bites you!
* * * LOW HITPOINT WARNING * * *
The vampire draws strength from your injuries!
The searing ray hits the vampire.
The vampire barely misses you.
The vampire bites you but does no damage.
The searing ray hits the vampire!
The vampire hits you but does no damage.
The vampire bites you.
* * * LOW HITPOINT WARNING * * *
The vampire draws strength from your injuries!
The searing ray hits the vampire.
You finish channelling your searing ray.
The vampire hits you.
You die...

##~~ #...∩
#.~≈≈ ..≈≈
..# ##
#.##.#
#.#.# #.@#
##V## #.##
######.##
#.......#
#.######.#
#.# #..
#.# ..#
#.# V#


You could see a vampire.

Vanquished Creatures
  An ogre (D:4)
  Blork the orc (D:5)
  An orc priest (D:3)
  A bombardier beetle (D:3)
  2 jellies (D:4)
  2 orc wizards
  3 adders
  5 gnolls
  3 ribbon worms
  2 dart slugs (D:3)
  7 orcs
  11 endoplasms
  6 goblins
  7 hobgoblins
  2 jackals (D:2)
  7 quokkas
  6 ball pythons
  4 bats
  3 frilled lizards (D:1)
  8 kobolds
  8 rats
90 creatures vanquished.

Notes
Turn   | Place    | Note
-------+----------+-------------------------------------------
     0 | D:1      | James the Draconian Conjurer began the quest for the Orb.
     0 | D:1      | Reached XP level 1. HP: 14/14 MP: 3/3
   137 | D:1      | Found Hual's General Store.
   405 | D:1      | Reached XP level 2. HP: 20/20 MP: 1/5
   454 | D:1      | Learned a level 2 spell: Searing Ray
   776 | D:1      | Found Xapsenoq's Weapon Shoppe.
   849 | D:1      | Found Fohasuet's General Store.
  1605 | D:2      | Reached XP level 3. HP: 27/27 MP: 1/6
  1663 | D:2      | Reached skill level 1 in Fighting
  2577 | D:3      | Reached XP level 4. HP: 35/35 MP: 1/8
  2582 | D:3      | Learned a level 4 spell: Iskenderun's Mystic Blast
  3090 | D:3      | Reached XP level 5. HP: 31/42 MP: 4/10
  4003 | D:4      | Reached skill level 5 in Conjurations
  4003 | D:4      | Reached XP level 6. HP: 50/50 MP: 4/12
  4535 | D:4      | Found a glowing silver altar of Zin.
  4535 | D:4      | Noticed an angel
  4724 | D:5      | Entered Level 5 of the Dungeon
  4913 | D:5      | Noticed Blork the orc
  4920 | D:5      | Killed Blork the orc
  4921 | D:5      | Reached skill level 5 in Spellcasting
  4951 | D:5      | Noticed a vampire
  4952 | D:5      | Found Fyuwn's Jewellery Shop.
  4991 | D:5      | Slain by a vampire

Illustrated notes

Levels and vault maps discovered:
D:1:      kilobyte_arrival_exit_the_forest, layout_rooms, serial_shops,
          nicolae_shop_stone, shop, shop_fountains,
          chequers_serial_rivers_room_b
D:2:      layout_loops_corners, cheibrodos_gnoll_hut
D:3:      layout_basic, corexii_leaking_fountain
D:4:      layout_rooms, zin_angel
D:5:      layout_loops_ring, serial_shops, nicolae_shop_waterfront,
          corexii_hall_statues_u, uniq_blork_the_orc

Skill      XL: |  1  2  3  4  5  6 |
---------------+-------------------+-----
Dodging        | 2 |  2.0
Stealth        | 2 |  2.0
Fighting       | 1 2 3 |  3.5
Spellcasting   | 3 4 5 |  5.0
Conjurations   | 5 |  5.3

Action                     |  1- 3 |  4- 6 || total
---------------------------+-------+-------++-------
  Melee: Dagger            |     9 |       ||     9
         Tailslap          |     1 |       ||     1
   Cast: Magic Dart        |    77 |    53 ||   130
         Searing Ray       |     7 |    24 ||    31
    Use: Scroll            |       |    14 ||    14
 Armour: Skin              |    12 |    21 ||    33
  Dodge: Dodged            |     6 |    20 ||    26
